 BcadrenCrawl: Boulder Brew version 0.03.2.1-60-gf6a17aa475 (webtiles) character file.

Game seed: 13601844645053430609, levelgen mode: deterministic

247192 esc the Phalangite (level 19, -14/177 (179) HPs) Minotaur Noble. Began on Feb 6, 2021. Was the Champion of Okawaru. Demolished by a large abomination (44 damage) ... on level 2 of the Abyss on Feb 7, 2021. The game lasted 01:10:49 (22211 turns).

esc the Phalangite (Minotaur Noble)                Turns: 22211, Time: 01:10:50

HP:   -14/177 (179) AC: 27    Str: 23    XL:     19 ^: 76620
MP:   26/26         EV: 12    Int: 10    God:    Okawaru [6* [200]]
Gold: 553           SH:  0    Dex: 24    Spells: 20/20 levels left

rFire    + . .     Vision   .   a - +7 scythe (acid)
rCold    . . .     Gourm    .   (also wielding the above weapon)
rNeg     + . .     Faith    +   d - +5 plate armour {rF+}
rPois    +         Spirit   .   g - +0 hat {MR+}
rElec    .         Reflect  .   h - +0 cloak {MR+}
rCorr    .         Harm     .   f - +0 pair of gloves {Str+3}
MR       ++++.                  D - +3 pair of boots {sturdy}
Stlth    ..........             H - amulet of faith
HPRegen  0.69/turn              J - ring of Soinaim {rPois rN+ MR+ Str+2 Int+3}
MPRegen  0.36/turn              k - ring of dexterity

@: corroded, slowed, very slow
A: retaliatory headbutt, horns 2, deterioration 1
}: 1/15 runes: gossamer
a: Heroism, Finesse, Renounce Religion


You were on level 2 of the Abyss.
You worshipped Okawaru.
Okawaru was exalted by your worship.
You were not hungry.

You visited 5 branches of the dungeon, and saw 21 of its levels.
You visited the Abyss 1 time.
You also visited: Gauntlet, Ice Cave and Market.

You collected 2757 gold pieces.
You spent 3204 gold pieces at shops.

Inventory:

Weapons
 a - a +7 scythe of caustic ooze (weapon)
 b - the +13 lance "Wyrmbane" {slay drac, rPois rF+ rC+ AC+3}
   (You took it off Maggie on level 5 of the Dungeon)

   This legendary weapon is deadly to all dragonkind.
   It affects your AC (+3).
   It protects you from fire.
   It protects you from cold.
   It protects you from poison.
Armour
 d - a +5 plate armour of fire resistance (worn)
 f - a +0 pair of gloves of strength (worn)
 g - a +0 hat of magic resistance (worn)
 h - a +0 cloak of magic resistance (worn)
 D - a +3 pair of boots of sturdiness (worn)
 Y - the +2 pair of gloves of Hangman {rF+ MR+++ Int+2 Dex-5}
   (Okawaru gifted it to you on level 4 of the Spider Nest)

   It affects your intelligence (+2).
   It affects your dexterity (-5).
   It protects you from fire.
   It affects your resistance to hostile enchantments.
Jewellery
 k - a ring of dexterity (right hand)
 H - an amulet of faith (around neck)
 J - the ring of Soinaim (left hand) {rPois rN+ MR+ Str+2 Int+3}
   (You found it in a Gauntlet)

   [ring of positive energy]

   It affects your strength (+2).
   It affects your intelligence (+3).
   It protects you from poison.
   It protects you from negative energy.
   It affects your resistance to hostile enchantments.
Wands
 c - a wand of random effects (19)
 x - a wand of disintegration (45)
 z - a wand of flame (29)
 A - a wand of polymorph (9)
 E - a wand of acid (21)
 F - a wand of enslavement (14)
 I - a wand of scattershot (8)
 M - a wand of hasting (17)
 Q - a wand of iceblast (9)
 V - a wand of clouds (7)
Scrolls
 j - 4 scrolls of blinking
 o - 15 scrolls of teleportation
 q - 3 scrolls of silence
 s - 5 scrolls of amnesia
 u - 2 scrolls of holy word
 v - 3 scrolls of vulnerability
 y - 5 scrolls of immolation
 C - 10 scrolls of magic mapping
 G - 6 scrolls of fog
 S - 3 scrolls of fear
 W - a scroll of bless item
Potions
 i - a potion of invisibility
 l - 4 potions of resistance
 m - 4 potions of berserk rage
 n - 5 potions of brilliance
 p - 5 potions of haste
 r - 5 potions of magic
 t - 16 potions of curing
 w - 2 potions of agility
 B - 5 potions of might
 N - 2 potions of ambrosia
 O - 4 potions of heal wounds
Comestibles
 e - 30 rations


   Skills:
 + Level 17.9 Fighting
 * Level 24.5 Polearms
 + Level 17.8 Armour
 - Level 3.7 Dodging
 - Level 0.7 Stealth
 - Level 1.0 Spellcasting
 - Level 11.0 Invocations


You had 20 spell levels left.
You didn't know any spells.
Your spell library contained the following spells:

 Spells                   Type           Power        Failure   Level  Hunger
 Beastly Appendage        Tmut           0 (50)       65%         1    ##.....
 Confusing Touch          Hex            0 (50)       65%         1    ##.....
 Flame Tongue             Fire           0 (30)       65%         1    ##.....
 Freeze                   Ice            0 (25)       65%         1    ##.....
 Blink                    Tloc           N/A          80%         2    ###....
 Shroud of Golubria       Chrm/Tloc      0 (200)      80%         2    ###....
 Sticks to Snakes         Tmut           0 (100)      80%         2    ###....
 Throw Frost              Ice            0 (50)       80%         2    ###....
 Confuse                  Hex            0 (100)      95%         3    ####...
 Gell's Gravitas          Tloc           0 (200)      95%         3    ####...
 Ozocubu's Armour         Chrm/Ice       0 (100)      95%         3    ####...
 Scorpion Form            Tmut/Pois      0 (200)      95%         3    ####...
 Snakes to Sticks         Hex/Tmut       0 (100)      95%         3    ####...
 Static Discharge         Air            0 (100)      95%         3    ####...
 Teleport Other           Hex/Tloc       0 (100)      95%         3    ####...
 Cause Fear               Hex            0 (200)      100%        4    #####..
 Force Lance              Tloc/Air       0 (200)      100%        4    #####..
 Force Lasso              Tloc/Erth      0 (200)      100%        4    #####..
 Hailstorm                Ice            0 (100)      100%        4    #####..
 Ice Form                 Ice/Tmut       0 (100)      100%        4    #####..
 Leda's Liquefaction      Tmut/Erth      0 (200)      100%        4    #####..
 Passage of Golubria      Tloc           N/A          100%        4    #####..
 Petrify                  Tmut/Erth      0 (100)      100%        4    #####..
 Still Winds              Hex/Air        0 (200)      100%        4    #####..
 Summon Ice Beast         Ice/Summ       0 (100)      100%        4    #####..
 Throw Icicle             Ice            0 (100)      100%        4    #####..
 Blade Hands              Tmut           0 (200)      100%        5    ######.
 Bolt of Magma            Fire/Erth      0 (200)      100%        5    ######.
 Lightning Bolt           Air            0 (200)      100%        5    ######.
 Yara's Violent Unravell  Hex/Tmut       0 (200)      100%        5    ######.
 Bolt of Fire             Fire           0 (200)      100%        6    #######
 Darkness                 Hex            0 (200)      100%        6    #######
 Iron Shot                Erth           0 (200)      100%        6    #######
 Poison Arrow             Pois           0 (200)      100%        6    #######
 Statue Form              Tmut/Erth      0 (150)      100%        6    #######
 Tunneling                Erth           0 (200)      100%        6    #######
 Dragon Form              Tmut           0 (200)      100%        7    #######
 Infestation              Tmut/Pois      0 (200)      100%        7    #######
 Chain Lightning          Air            0 (200)      100%        8    #######
 Ignition                 Fire           0 (200)      100%        8    #######
 Lehudib's Crystal Spear  Erth           0 (200)      100%        8    #######
 Dragon's Call            Summ           0 (200)      100%        9    #######
 Fire Storm               Fire           0 (200)      100%        9    #######
 Glaciate                 Ice            0 (200)      100%        9    #######
 Shatter                  Erth           0 (200)      100%        9    #######
 Tornado                  Air            0 (200)      100%        9    #######


Dungeon Overview and Level Annotations

Branches:
Dungeon (6/8)              Temple (0/1) D:4            Lair (6/6) D:5
 Shoals (3/4) Lair:3       Spider (4/4) Lair:4        Slime (0/5) Lair:6
    Orc (2/2) D:6             Elf (0/3) Orc:2         IceCv (visited)
Gauntlet (visited)

Altars:
Hepliaklqana
Kikubaaqudgha
Okawaru
Beogh

Shops:
D:3 *?*:[   D:4 !?==[   Orc:2 *[(:   Shoals:2 ***

Annotations:
D:4 1 runed translucent door, Crazy Yiuf


Innate Abilities, Weirdness & Mutations

You reflexively headbutt those who attack you in melee.
You have a pair of horns on your head.
Your body sometimes deteriorates upon taking damage.


Message History

You slice the large abomination (24)!!
The large abomination is splashed with acid (0).
The large abomination is heavily damaged. (135/232) HP The large abomination gores you but does no damage.
The large abomination engulfs you in a gooey mixture of blood and acidic bile (1).
The acid corrodes you!
You are splashed with acid (9)!
The large abomination gores you but does no damage.
The large abomination engulfs you but does no damage.
You slash the large abomination (8)!
The large abomination is splashed with acid (0).
You headbutt the large abomination (4).
The large abomination is heavily damaged. (123/232) HP The large abomination gores you on sharp bone spines (1).
The large abomination freezes you (28)!!
* * * LOW HITPOINT WARNING * * *
The large abomination engulfs you but does no damage.
The large abomination gores you on sharp bone spines (3).
* * * LOW HITPOINT WARNING * * *
The large abomination freezes you (44)!!!
You die...

### #####
###..###.#..
###.......#.# #
##..#........#..
#. #...##...#.#
.. ##.
..#..†@...# #
#... ..##.X...##
#... X.#
#.#.###..# . #
#.##..#.....#
#.##..#.######.#
#..#.!.#. ## #
##..##.# ###
#.#.##. .# .
##.#..##.#


You could see a large abomination.

Vanquished Creatures
  Arachne (Spider:3)
  Rupert (Orc:2)
  Jorgrun (Orc:2)
  2 liches (Abyss:2)
  Asterion (Spider:2)
  Donald (Orc:2)
  5 tentacled starspawn (Abyss:2)
  A revenant (Abyss:2)
  A tengu reaver (D:6)
  A profane servitor (Abyss:2)
  A bone dragon (Abyss:2)
  An orc warlord (Orc:2)
  Roxanne (Shoals:1)
  2 frost giants
  An angel (Abyss:2)
  4 ghost moths
  3 entropy weavers
  4 spark wasps
  A merfolk javelineer (Shoals:2)
  A gibbering mound (Abyss:2)
  A mummy priest (Lair:1)
  7 emperor scorpions
  Harold (Lair:2)
  3 merfolk avatars
  Josephine (Orc:1)
  A rakshasa (Abyss:2)
  An ogre mage (Orc:2)
  A very ugly thing (Abyss:2)
  3 starcursed masses (Abyss:2)
  3 sphinx moths
  A merfolk aquamancer (Shoals:1)
  6 boulder beetles
  A merfolk impaler (Shoals:1)
  A minotaur (Gauntlet)
  3 swooping magpies
  A shadow demon (Abyss:2)
  2 orc high priests (Orc:2)
  5 thrashing horrors (Abyss:2)
  The ghost of SamuraiZach the Fighter, a journeyman OpDs (D:6)
  Nergalle (D:6)
  A shadow wraith (Abyss:2)
  A fire crab (Gauntlet)
  A wretched star (Abyss:2)
  A death drake (Abyss:2)
  6 two-headed ogres
  5 hydras
  9 harpies (Shoals:1)
  4 orc knights
  A glowing orange brain (Abyss:2)
  3 fauns (Shoals:2)
  A wizard (Abyss:2)
  3 sixfirhies (Abyss:2)
  2 rock worms
  Pikel (D:2)
  12 death yaks
  4 sea snakes
  A guardian serpent (Lair:6)
  3 torpor snails
  3 manticores
  An oklob plant (Lair:3)
  2 spatial maelstroms (Abyss:2)
  17 giraffes
  10 orb spiders
  2 orc sorcerers (Orc:2)
  2 merfolk sirens (Shoals:2)
  A rust devil (Abyss:2)
  Maurice (D:4)
  A mana viper (Abyss:2)
  A worldbinder (Abyss:2)
  17 spiny frogs
  3 apocalypse crabs (Abyss:2)
  2 water nymphs
  11 black mambas
  Maggie (D:5)
  4 smoke demons (Abyss:2)
  An ugly thing (D:6)
  31 wolf spiders
  An ice statue (IceCv)
  6 trolls
  2 snapping turtles (Shoals:1)
  3 meliai (Spider:3)
  3 elephants (Lair:4)
  2 rime drakes (Lair:4)
  Psyche (D:4)
  7 komodo dragons
  2 queen bees
  14 demonic crawlers
  6 small abominations (Abyss:2)
  20 polar bears
  26 jumping spiders
  3 wind drakes
  3 ancient zymes (Abyss:2)
  10 hornets
  6 wraiths
  A ynoxinul (Abyss:2)
  A giraffe zombie (Lair:1)
  6 raiju (Abyss:2)
  8 dream sheep
  8 merfolk
  22 blink frogs
  A hydra zombie (Lair:1)
  4 chaos elementals (Abyss:2)
  36 yaks
  Grinder (D:3)
  A neqoxec (Abyss:2)
  3 cyclopes
  Sigmund (D:3)
  A hippogriff (D:5)
  3 water elementals (Shoals:1)
  A shadow (Abyss:2)
  12 wyverns
  Eustachio (D:2)
  23 tarantellas
  7 basilisks
  6 fire bats (Gauntlet)
  2 golden eyes (Abyss:2)
  A vampire mosquito (D:6)
  3 wargs (Orc:2)
  A hungry ghost (D:6)
  67 redbacks
  4 slime creatures
  6 insubstantial wisps (Abyss:2)
  A phantom (D:6)
  7 spatial vortices (Abyss:2)
  A necrophage (D:5)
  33 water moccasins
  3 hell hounds (Gauntlet)
  Duvessa (D:3)
  2 scorpions (D:4)
  An earth elemental (Abyss:2)
  35 orc warriors
  8 porcupines
  An elephant zombie (Lair:1)
  3 eyes of draining
  5 ice beasts
  2 sky beasts
  19 ogres
  17 wolves
  A komodo dragon zombie (Lair:1)
  19 crocodiles
  Blork the orc (D:2)
  9 big kobolds
  2 spiny frog zombies (Lair:1)
  23 bullfrogs
  3 centaurs
  2 gnoll sergeants (D:6)
  Dowan (D:3)
  5 howler monkeys
  A spiny frog skeleton (Lair:1)
  41 killer bees
  A quasit (Abyss:2)
  8 electric eels
  A wight (D:6)
  A blink frog zombie (Lair:1)
  A rime drake zombie (Lair:1)
  A human skeleton (Abyss:2)
  3 crimson imps (D:4)
  16 orc priests
  3 hounds (D:5)
  13 jellies
  17 orc wizards
  2 iguanas (D:5)
  12 worker ants
  A water moccasin skeleton (Lair:1)
  A crocodile skeleton (Lair:1)
  14 giant cockroaches
  2 iron imps (Abyss:2)
  5 bullfrog zombies
  A wolf skeleton (Lair:1)
  3 bullfrog skeletons
  A shadow imp (Abyss:2)
  5 adders
  3 gnolls (D:6)
  63 sewer rats (D:2)
  5 white imps
  10 cinder newts
  3 worms
  3 ufetubi (Abyss:2)
  4 leopard geckos
  53 orcs
  3 adder skeletons
  3 ball pythons (D:2)
  5 bats
  3 goblins (D:1)
  5 hobgoblins (D:1)
  5 jackals
  7 quokkas
  A bat skeleton (D:2)
  24 kobolds
  An orc skeleton (D:2)
  6 rats
  2 rat skeletons (D:2)
  3 bushes
  A butterfly (D:6)
  15 fungi
  2 jellyfish (Shoals:1)
  43 plants
  2 slaves (D:2)
  8 starspawn tentacles (Abyss:2)
  17 withered plants (D:2)
1253 creatures vanquished.

Vanquished Creatures (others)
  A human (shapeshifter) (D:6)
  An orc priest (Orc:2)
  A sewer rat (D:2)
  A worm (D:2)
  An ufetubus (Abyss:2)
  An ooze (D:2)
  14 fungi
  A giant blowfly (Spider:4)
  16 plants
  A slave (D:2)
  2 starspawn tentacles (Abyss:2)
  99 withered plants (D:2)
139 creatures vanquished.

Grand Total: 1392 creatures vanquished

Notes
Turn   | Place    | Note
-------+----------+-------------------------------------------
     0 | Start Ma | esc the Minotaur Noble began the quest for the Orb.
     0 | Start Ma | Reached XP level 1. HP: 16/16 MP: 1/1
     0 | Start Ma | Found Irgheaq's Mashing MeleeMart.
     8 | Start Ma | Bought a +0 scythe for 120 gold pieces
     9 | Start Ma | Bought a +5 plate armour of ponderousness for 300 gold
                  | pieces
    11 | Start Ma | Bought a +0 pair of boots for 135 gold pieces
    14 | Start Ma | Found Izxoog's Auxillary Armour.
    22 | Start Ma | Bought a +0 pair of gloves of strength for 230 gold pieces
    22 | Start Ma | Bought a +0 hat for 80 gold pieces
    22 | Start Ma | Found Tumixas's Expert Tomes.
    33 | Start Ma | Bought a +0 cloak for 135 gold pieces
    73 | D:1      | esc set off with the following items: a ration, a +0
                  | scythe, a +5 plate armour of ponderousness, a +0 pair of
                  | boots, a +0 pair of gloves of strength, a +0 hat, a +0
                  | cloak
    78 | D:1      | Reached skill level 2 in Polearms
    78 | D:1      | Reached XP level 2. HP: 23/23 MP: 2/2
   157 | D:1      | Reached skill level 3 in Polearms
   157 | D:1      | Reached XP level 3. HP: 28/28 MP: 3/3
   157 | D:1      | Reached skill level 4 in Polearms
   229 | D:1      | Reached XP level 4. HP: 35/35 MP: 4/4
   388 | D:1      | Reached skill level 5 in Polearms
   576 | D:2      | Found an iron altar of Okawaru.
   583 | D:2      | Reached XP level 5. HP: 40/40 MP: 5/5
   590 | D:2      | Became a worshipper of Warmaster Okawaru
   618 | D:2      | Reached skill level 6 in Polearms
   619 | D:2      | Reached skill level 1 in Armour
   619 | D:2      | Reached skill level 1 in Dodging
   619 | D:2      | Reached skill level 1 in Invocations
   622 | D:2      | Reached XP level 6. HP: 48/48 MP: 6/6
   641 | D:2      | Reached * piety under Okawaru
   641 | D:2      | Received a gift from Okawaru
   704 | D:2      | Noticed Eustachio
   711 | D:2      | Noticed a water moccasin
   714 | D:2      | Killed Eustachio
   714 | D:2      | Reached XP level 7. HP: 53/56 MP: 7/7
   715 | D:2      | Reached skill level 7 in Polearms
   767 | D:2      | Reached ** piety under Okawaru
   772 | D:2      | Found an ancient bone altar of Kikubaaqudgha.
   984 | D:2      | Noticed Pikel
   988 | D:2      | Noticed Blork the orc
   991 | D:2      | Killed Pikel
   991 | D:2      | Reached skill level 8 in Polearms
   991 | D:2      | Reached XP level 8. HP: 67/67 MP: 7/9
   996 | D:2      | Killed Blork the orc
  1008 | D:2      | Reached skill level 9 in Polearms
  1086 | D:2      | Reached skill level 5 in Fighting
  1202 | D:2      | Reached skill level 5 in Armour
  1208 | D:2      | Reached *** piety under Okawaru
  1242 | D:2      | Reached XP level 9. HP: 74/74 MP: 11/11
  1807 | D:3      | Reached skill level 10 in Polearms
  1889 | D:3      | Noticed Grinder
  1896 | D:3      | Killed Grinder
  1947 | D:3      | Found Egonwoff's Armour Boutique.
  1947 | D:3      | Found Hucit's Book Shoppe.
  2035 | D:3      | Noticed Sigmund
  2039 | D:3      | Killed Sigmund
  2042 | D:3      | Received a gift from Okawaru
  2094 | D:3      | Noticed Dowan
  2095 | D:3      | Noticed Duvessa
  2097 | D:3      | Killed Dowan
  2099 | D:3      | Killed Duvessa
  2099 | D:3      | Reached skill level 5 in Invocations
  2154 | D:3      | Found Wodgheh's Magic Scroll Boutique.
  2169 | D:3      | Reached **** piety under Okawaru
  2186 | D:3      | Found Okhliux's Assorted Antiques.
  2189 | D:3      | Bought a scroll labeled LAGGOBR ERHA for 22 gold pieces
  2206 | D:3      | Found an ancient bone altar of Kikubaaqudgha.
  2250 | D:3      | Bought a scroll of enchantment for 97 gold pieces
  2318 | D:3      | Found Asule's General Store.
  2576 | D:4      | Reached skill level 11 in Polearms
  2576 | D:4      | Noticed Maurice
  2583 | D:4      | Killed Maurice
  2583 | D:4      | Reached XP level 10. HP: 86/86 MP: 13/13
  2614 | D:4      | Found a staircase to the Ecumenical Temple.
  2644 | D:4      | Found Pacrat's Jewellery Emporium.
  2651 | D:4      | Found Hegauh's Magic Scroll Shop.
  2754 | D:4      | Found Ginkuemo's Jewellery Shoppe.
  2770 | D:4      | Found a runed translucent door.
  2771 | D:4      | Identified the +5 hammer of Big Damage {crush, Int+4}
  2771 | D:4      | Noticed Crazy Yiuf
  2839 | D:4      | Identified the cursed ring "Yckadghui" {rPois MR+, (Curse:
                  | *Tele Fragile)}
  2839 | D:4      | Noticed Psyche
  2848 | D:4      | Killed Psyche
  2948 | D:4      | Found Nemos's Antique Armour Shoppe.
  2953 | D:4      | Reached ***** piety under Okawaru
  3043 | D:4      | Received a gift from Okawaru
  3073 | D:4      | Found Onkuny's Distillery.
  3244 | D:5      | Entered Level 5 of the Dungeon
  3338 | D:5      | Reached skill level 12 in Polearms
  3405 | D:5      | Noticed a two-headed ogre
  3408 | D:5      | Noticed Maggie
  3411 | D:5      | Killed a two-headed ogre
  3415 | D:5      | Killed Maggie
  3434 | D:5      | Noticed a two-headed ogre
  3439 | D:5      | Killed a two-headed ogre
  3439 | D:5      | Reached ****** piety under Okawaru
  3547 | D:5      | Identified the cursed ring "Berirheti" {Wiz rPois MP+9
                  | Str-2 Dex+5, (Curse: Fragile)}
  3570 | D:5      | Reached XP level 11. HP: 95/95 MP: 15/15
  3616 | D:5      | Found a hazy altar of Hepliaklqana.
  3676 | D:5      | Reached skill level 13 in Polearms
  3704 | D:5      | Received a gift from Okawaru
  3759 | D:5      | Found a staircase to the Lair.
  4036 | Lair:1   | Entered Level 1 of the Lair of Beasts
  4036 | Lair:1   | Noticed a boulder beetle
  4042 | Lair:1   | Killed a boulder beetle
  4179 | Lair:1   | Received a gift from Okawaru
  4274 | Lair:1   | Noticed a mummy priest
  4298 | Lair:1   | Killed a mummy priest
  4514 | Lair:1   | Reached skill level 14 in Polearms
  4908 | Lair:1   | Received a gift from Okawaru
  4928 | Lair:1   | Noticed an eight-headed hydra
  4933 | Lair:1   | Killed a ten-headed hydra
  4933 | Lair:1   | Reached skill level 10 in Fighting
  5442 | Lair:2   | Reached XP level 12. HP: 106/106 MP: 17/17
  5445 | Lair:2   | Reached skill level 10 in Armour
  5537 | Lair:2   | Identified the +6 rapier "Ucyrum" {pierce, rPois Int+4
                  | +Vis}
  5604 | Lair:2   | Reached skill level 15 in Polearms
  5761 | Lair:2   | Noticed Harold
  5765 | Lair:2   | Killed Harold
  5794 | Lair:2   | Received a gift from Okawaru
  6092 | Lair:2   | Identified the +2 plate armour of Okawaru's Hatred {rF+ rN+
                  | Dex-5 +Vis} (Okawaru gifted it to you on level 2 of the
                  | Lair of Beasts)
  6092 | Lair:2   | Received a gift from Okawaru
  6474 | Lair:3   | Found a staircase to the Shoals.
  6542 | Lair:3   | Found an iron altar of Okawaru.
  6592 | Lair:3   | Reached skill level 16 in Polearms
  6680 | Lair:3   | Reached XP level 13. HP: 109/116 MP: 19/19
  7183 | Lair:4   | Found a frozen archway.
  7199 | IceCv    | Entered an ice cave
  7208 | IceCv    | Received a gift from Okawaru
  7425 | IceCv    | Reached skill level 10 in Invocations
  7593 | IceCv    | Noticed a frost giant
  7599 | IceCv    | Received a gift from Okawaru
  7604 | IceCv    | Killed a frost giant
  7604 | IceCv    | Reached skill level 17 in Polearms
  7728 | IceCv    | Identified the cursed +3 great sword of Sunlight {slice,
                  | +Fly rN+ Dex+4, (Curse: *Slow)}
  8219 | Lair:4   | Received a gift from Okawaru
  8741 | Lair:4   | Found a hole to the Spider Nest.
  8744 | Lair:4   | Received a gift from Okawaru
  8967 | Lair:5   | Found a gate leading to a gauntlet.
  8971 | Lair:5   | your +3 scythe of protection protects you from harm!
  8982 | Gauntlet | Entered a Gauntlet
  8982 | Gauntlet | Found a transporter.
  8982 | Gauntlet | Found a transporter.
  8986 | Gauntlet | Found a transporter.
  8986 | Gauntlet | Found a transporter.
  8989 | Gauntlet | Reached XP level 14. HP: 127/127 MP: 21/21
  9011 | Gauntlet | Found a transporter.
  9011 | Gauntlet | Found a transporter.
  9015 | Gauntlet | Found a transporter.
  9015 | Gauntlet | Found a transporter.
  9026 | Gauntlet | Found a transporter.
  9047 | Gauntlet | Found a runed translucent gate.
  9047 | Gauntlet | Found a runed translucent gate.
  9047 | Gauntlet | Found a runed translucent gate.
  9050 | Gauntlet | Found a transporter.
  9053 | Gauntlet | Found a transporter.
  9053 | Gauntlet | Found a transporter.
  9054 | Gauntlet | Identified the +5 scale mail of Dithmenos {Int+8}
  9067 | Gauntlet | Identified the cursed ring of Soinaim {rPois rN+ MR+ Str+2
                  | Int+3, (Curse: *Slow)}
  9169 | Gauntlet | Identified the +0 gold dragon scales of a Million Hells
                  | {rPois rF+ rC+ Dex+3}
  9202 | Gauntlet | Identified Cyunapn's Catalogue of Ice and Transmigration
  9210 | Gauntlet | Identified the Incunabulum of the Oath
  9388 | Lair:5   | Received a gift from Okawaru
  9391 | Lair:5   | your +3 scythe of protection protects you from harm!
  9684 | Lair:5   | Reached skill level 18 in Polearms
  9733 | Lair:5   | Identified the +7 staff "Jeitavul" {flay, cold; rC+ Dex+2}
 10078 | Lair:6   | Entered Level 6 of the Lair of Beasts
 10421 | Lair:6   | Received a gift from Okawaru
 10484 | Lair:6   | Found a staircase to the Slime Pits.
 10591 | Lair:6   | Reached skill level 19 in Polearms
 10958 | Lair:6   | Identified the +1 hat of Hovep {rN+ Int+5} (Okawaru gifted
                  | it to you on level 6 of the Lair of Beasts)
 10958 | Lair:6   | Received a gift from Okawaru
 10982 | Lair:6   | Reached XP level 15. HP: 97/137 MP: 22/22
 11136 | Lair:6   | Found the +10 large shield of Ignorance {rN+ Int-4}
 11389 | Spider:1 | Entered Level 1 of the Spider Nest
 11492 | D:6      | Found a transporter.
 11492 | D:6      | Noticed SamuraiZach's ghost (journeyman OpDs)
 11505 | D:6      | Noticed a tengu reaver
 11515 | D:6      | Found a transporter.
 11540 | D:6      | Killed SamuraiZach's ghost
 11550 | D:6      | Killed a tengu reaver
 11733 | D:6      | Identified the cursed ring "Seulouti" {rPois rF+, (Curse:
                  | Fragile)}
 11733 | D:6      | Noticed Nergalle
 11738 | D:6      | Killed Nergalle
 11738 | D:6      | Received a gift from Okawaru
 11790 | D:6      | Found a staircase to the Orcish Mines.
 11815 | Orc:1    | Entered Level 1 of the Orcish Mines
 11835 | Orc:1    | Noticed Josephine
 11852 | Orc:1    | Identified the cursed ring "DracoOmega" {Fire *Drain Dex+3
                  | +Vis, (Curse: Fragile)}
 11891 | Orc:1    | Killed Josephine
 11894 | Orc:1    | Reached skill level 20 in Polearms
 12195 | Orc:1    | Found a roughly hewn altar of Beogh.
 12380 | Orc:1    | Found a roughly hewn altar of Beogh.
 12621 | Orc:2    | Entered Level 2 of the Orcish Mines
 12621 | Orc:2    | Found a staircase to the Elven Halls.
 12622 | Orc:2    | Noticed Rupert
 12626 | Orc:2    | Noticed Jorgrun
 12633 | Orc:2    | Killed Rupert
 12635 | Orc:2    | Killed Jorgrun
 13819 | Orc:2    | Received a gift from Okawaru
 13855 | Orc:2    | Identified the cursed +10 heater shield of the Loofah
                  | {reflect, rPois Int-3 Stlth+, (Curse: -Tele Fragile rF-)}
 13855 | Orc:2    | Noticed Donald
 13856 | Orc:2    | Reached skill level 15 in Fighting
 14166 | Orc:2    | Killed Donald
 14286 | Orc:2    | Found a roughly hewn altar of Beogh.
 14295 | Orc:2    | Found Puicwi's General Store.
 14314 | Orc:2    | Found Turage's Antique Weapon Boutique.
 14330 | Orc:2    | Found Gitatta's Antique Armour Boutique.
 14373 | Orc:2    | Bought a scroll of fog for 26 gold pieces
 14373 | Orc:2    | Bought a scroll of fog for 26 gold pieces
 14486 | Orc:2    | Reached skill level 15 in Armour
 14695 | Orc:2    | Found Jymomor's Book Boutique.
 14860 | D:3      | Bought a scroll of blinking for 82 gold pieces
 14860 | D:3      | Bought a scroll of teleportation for 33 gold pieces
 14860 | D:3      | Bought a wand of flame (17) for 104 gold pieces
 14902 | D:4      | Bought a scroll of magic mapping for 38 gold pieces
 14902 | D:4      | Bought a scroll of blinking for 82 gold pieces
 14902 | D:4      | Bought a scroll of teleportation for 33 gold pieces
 14902 | D:4      | Bought a scroll of blinking for 82 gold pieces
 14902 | D:4      | Bought a scroll of magic mapping for 38 gold pieces
 14902 | D:4      | Bought a scroll of magic mapping for 38 gold pieces
 14938 | D:4      | Bought a potion of heal wounds for 70 gold pieces
 14938 | D:4      | Bought a potion of might for 56 gold pieces
 14938 | D:4      | Bought a potion of curing for 42 gold pieces
 14938 | D:4      | Bought a potion of might for 56 gold pieces
 14938 | D:4      | Bought a potion of haste for 140 gold pieces
 14938 | D:4      | Bought a potion of curing for 42 gold pieces
 14938 | D:4      | Bought a potion of resistance for 140 gold pieces
 14938 | D:4      | Bought a potion of curing for 42 gold pieces
 14986 | D:3      | Bought a scroll of fear for 45 gold pieces
 14986 | D:3      | Bought a scroll of bless item for 390 gold pieces
 15142 | Spider:1 | Received a gift from Okawaru
 15334 | Spider:1 | Reached XP level 16. HP: 119/149 MP: 23/23
 15533 | Spider:1 | Reached skill level 21 in Polearms
 15931 | Spider:2 | Received a gift from Okawaru
 16225 | Spider:2 | Identified the +6 buckler of Hopscotch {Dex+4}
 16548 | Spider:3 | Noticed Arachne
 16645 | Spider:3 | Received a gift from Okawaru
 16658 | Spider:3 | Noticed Asterion
 16866 | Spider:2 | Killed Asterion
 18136 | Spider:3 | Killed Arachne
 18136 | Spider:3 | Received a gift from Okawaru
 18136 | Spider:3 | Reached skill level 22 in Polearms
 18574 | Spider:4 | Entered Level 4 of the Spider Nest
 18683 | Spider:4 | Identified the +3 morningstar "Keli" {crush, Str+2}
 18827 | Spider:4 | Identified the +7 ring mail of the Seven Queens {MR- Str+5
                  | Stlth+} (Okawaru gifted it to you on level 4 of the Spider
                  | Nest)
 18827 | Spider:4 | Received a gift from Okawaru
 19007 | Spider:4 | Reached XP level 17. HP: 100/159 MP: 21/24
 19370 | Spider:4 | Got a gossamer rune of Zot
 19487 | Spider:4 | Identified the +2 pair of gloves of Hangman {rF+ MR+++
                  | Int+2 Dex-5} (Okawaru gifted it to you on level 4 of the
                  | Spider Nest)
 19487 | Spider:4 | Received a gift from Okawaru
 19801 | Shoals:1 | Entered Level 1 of the Shoals
 20009 | Shoals:1 | Identified the +5 flail "Gidonlou" {pain, rF+}
 20175 | Shoals:1 | Identified the +5 quarterstaff of Cruel Justice {elec,
                  | *Drain rN+++ Str+3 Int+2}
 20199 | Shoals:1 | Reached skill level 23 in Polearms
 20345 | Shoals:1 | Noticed Roxanne
 20352 | Shoals:1 | Killed Roxanne
 20474 | Shoals:2 | Found Nemaisutue's Assorted Antiques.
 20542 | Shoals:2 | Found Hed Weeh's Assorted Antiques.
 20558 | Shoals:2 | Found Feimun's Food Boutique.
 20560 | Shoals:2 | Bought a scroll of enchantment for 172 gold pieces
 20560 | Shoals:2 | Bought a scroll of fog for 46 gold pieces
 20627 | Shoals:2 | Bought a scroll of blinking for 262 gold pieces
 20877 | Shoals:2 | Found Xeme's General Store.
 21148 | Shoals:3 | Cast into level 2 of the Abyss (merfolk impaler)
 21181 | Abyss:2  | Received a gift from Okawaru
 21259 | Abyss:2  | Identified the +6 long sword "Taacreh" {slice, MP+9}
 21338 | Abyss:2  | Identified the +7 hand crossbow of Death {elec, Int+4}
 21479 | Abyss:2  | Received a gift from Okawaru
 21534 | Abyss:2  | Noticed a lich
 21544 | Abyss:2  | Killed a lich
 21585 | Abyss:2  | Reached skill level 24 in Polearms
 21585 | Abyss:2  | Reached XP level 18. HP: 157/170 MP: 25/25
 21740 | Abyss:2  | Received a gift from Okawaru
 21801 | Abyss:2  | Gained mutation: Your body sometimes deteriorates upon
                  | taking damage. [a neqoxec]
 21824 | Abyss:2  | Reached XP level 19. HP: 177/177 MP: 26/26
 21946 | Abyss:2  | Found a corrupted altar of Lugonu.
 22065 | Abyss:2  | HP: 6/179 [lich/crystal spear (51)]
 22211 | Abyss:2  | Demolished by a large abomination

Levels and vault maps discovered:
D:1:      dpeg_arrival_tiny_a, layout_cave_pools,
          hangedman_abyss_or_decor_stabs, st_stairs_8
D:2:      layout_sewer, okawaru_ov_weapons_minmay, first_ration, basic_altar,
          kennysheep_generic_room_11, uniq_eustachio, uniq_blork_the_orc,
          uniq_pikel
D:3:      layout_loops_ring, kennysheep_mini_moat, serial_shops, shop, shop,
          nicolae_shop_behind_doors, shop, shop, blue_anna_alchemist
          [blue_anna_fruit_fields, blue_anna_fruit_fields],
          kennysheep_generic_room_10, uniq_duvessa, uniq_grinder, uniq_sigmund
D:4:      layout_roguey, minmay_temple_entry_waves, serial_shops, shop,
          nicolae_shop_statue_plus, shop, nicolae_shop_trees,
          nicolae_shop_waterfront, uniq_psyche, uniq_crazy_yiuf_cottage,
          uniq_maurice
D:5:      layout_loops_ring, kennysheep_mini, dpeg_oklobed_lair,
          kennysheep_decorative_pillar, uniq_maggie
D:6:      layout_loops_cross, kennysheep_orc_monster_closet_entryway,
          gammafunk_ghost_arena, uniq_nergalle
Lair:1:   layout_roguey, enter_ossuary_1, ossuary_zaba_two_paths,
          grunt_megastairs_3
Lair:2:   layout_cave_pods, uniq_harold
Lair:3:   layout_loops_ring, shoals_dummy_entry, lemuel_oklob_altar
Lair:4:   layout_gridlike, spider_nest_entry_web_field, portal_ice_cave_rime,
          grunt_megastairs_2
Lair:5:   layout_long_grid, gauntlet_entry_generic
Lair:6:   hangedman_lair_tendril_chambers, layout_layer_cave,
          bcadren_minmay_slime_entry_pools, serial_bayou_pond_b
Shoals:1: layout_shoals, uniq_roxanne
Shoals:2: layout_shoals, serial_shops, shop, nicolae_shop_trees, shop,
          nicolae_shop_trees
Shoals:3: layout_shoals
Spider:1: layout_spider_delve
Spider:2: layout_spider_delve, nicolae_spider_nook
Spider:3: layout_spider_delve, special_room [special_room_bee], uniq_arachne,
          uniq_asterion
Spider:4: guppyfry_spider_rune
Orc:1:    nicolae_orc_accident_2, layout_caves, basic_altar,
          nicolae_orc_jurassic_orc, uniq_josephine
Orc:2:    grunt_orc_cross, layout_caves, uniq_rupert, uniq_jorgrun, uniq_donald
Abyss:2:  base: Spider:4, evilmike_abyss_exit_3, hangedman_abyss_exit_choices,
          minivault_24, grunt_abyss_exit_deep_breaths,
          hangedman_abyss_or_decor_lesser_grid, hangedman_summoners_spam,
          hangedman_abyss_theft, evilmike_abyss_exit_6

Skill      XL: |  1  2  3  4  5  6  7  8  9 10 11 12 13 14 15 16 17 |
---------------+----------------------------------------------------+-----
Polearms       | 2 3 4 5 6 8 9 11 12 14 16 17 19 20 22 24 | 24.5
Fighting       | 2 4 5 7 8 10 11 12 13 15 16 17 | 17.9
Armour         | 1 2 4 5 6 8 9 11 12 13 15 16 17 | 17.8
Dodging        | 1 2 3 |  3.7
Invocations    | 1 3 4 5 6 8 9 10 11 | 11.0
Stealth        | |  0.7
Spellcasting   | |  1.0

Action                   |  1- 3 |  4- 6 |  7- 9 | 10-12 | 13-15 | 16-18 | 19-21 || total
-------------------------+-------+-------+-------+-------+-------+-------+-------++-------
Melee: Scythe            |    28 |    39 |   172 |   263 |   559 |   427 |    81 ||  1569
       Headbutt          |       |       |     9 |    31 |    55 |    55 |    16 ||   166
       Lance             |       |       |       |       |    14 |       |       ||    14
       Unarmed           |       |       |       |       |     9 |       |       ||     9
Invok: Heroism           |       |       |       |       |     3 |     3 |       ||     6
       Finesse           |       |       |       |       |     3 |     3 |       ||     6
Evoke: Wand              |       |       |       |       |     1 |    13 |       ||    14
  Use: Scroll            |       |     1 |     5 |     3 |    10 |     2 |       ||    21
       Potion            |       |       |       |       |     3 |     4 |     3 ||    10
  Eat: Chunk             |       |       |     7 |     8 |    11 |     8 |       ||    34
       Ration            |       |       |       |     2 |     5 |     4 |       ||    11
Armor: Plate armour      |    30 |    19 |    60 |   121 |   271 |   248 |    42 ||   791
       Skin              |       |       |     2 |       |       |       |       ||     2
Dodge: Dodged            |    16 |    16 |    54 |    62 |    86 |    87 |    14 ||   335
